 Dungeon Crawl Stone Soup version 0.30.1-11-g7821555f0a (webtiles) character file.

Game seed: 11269016393976434389

306 Dordric the Slasher (level 6, -4/64 HPs)
             Began as a Djinni Gladiator on Nov 13, 2023.
             Was a Priest of Elyvilon.
             Slain by Duvessa
             ... wielding a +0 rapier
              (7 damage)
             ... on level 4 of the Dungeon.
             The game lasted 00:02:47 (2298 turns).

Dordric the Slasher (Djinni Gladiator)              Turns: 2298, Time: 00:02:48

Health: -4/64      AC:  8    Str: 13    XL:     6   Next: 67%
Gold:   158        EV: 11    Int: 10    God:    Elyvilon [***...] SH:  0 Dex: 16

rFire   + + .        a - +0 long sword
rCold   x . .        (no shield)
rNeg    . . .        r - +0 ring mail
rPois   ∞            c - +0 helmet
rElec   .            (no cloak)
rCorr   .            q - +1 pair of gloves
SInv    .            (boots unavailable)
Will    .....        (no amulet) Stlth
                     (no ring)
HPRegen 0.30/turn    (no ring)
MPRegen 0.00/turn

%: infuse magic (-5 HP)
@: berserking, flying, very quick
A: sickness immunity, fire resistance 2, cold vulnerability 1, float, innate
caster, HP casting, extra vitality 1
a: Renounce Religion, Purification, Heal Other, Heal Self


You were on level 4 of the Dungeon.
You worshipped Elyvilon.
Elyvilon was most pleased with you.
You visited 1 branch of the dungeon, and saw 4 of its levels.

You collected 158 gold pieces.

Inventory:

Hand Weapons
 a - a +0 long sword (weapon)
Missiles
 d - 3 throwing nets
 e - a javelin
Armour
 b - a +0 leather armour
 c - a +0 helmet (worn)
 i - a +0 pair of gloves
 q - a +1 pair of gloves (worn)
 r - a +0 ring mail (worn)
Jewellery
 s - an amulet of faith
Scrolls
 f - 3 scrolls of identify {unknown}
 t - a scroll of vulnerability {unknown}
 u - a scroll of magic mapping {unknown}
 v - a scroll of blinking {unknown}
Potions
 h - a potion of brilliance {unknown}
 j - a potion of berserk rage
 k - 2 potions of degeneration {unknown}
 l - a potion of ambrosia {unknown}
 m - a potion of attraction {unknown}
 o - a potion of lignification {unknown}
 p - a potion of haste
 w - a potion of curing {unknown}


   Skills:
 - Level 2.0 Fighting
 + Level 5.7 Long Blades
 - Level 1.5 Throwing
 - Level 3.2 Dodging
 + Level 2.0 Spellcasting


You knew the following spells:

 Your Spells              Type           Power      Damage    Failure   Level
a - Shock                 Conj/Air       20%        1d4       30%         1
b - Wereblood             Tmut           5%         N/A       41%         2
Your spell library was empty.

Dungeon Overview and Level Annotations

Branches:
Dungeon (4/15)
 Temple: D:4-7

Altars:
Ashenzari
Elyvilon
Yredelemnul

Annotations:
D:4 Dowan, Duvessa


Innate Abilities, Weirdness & Mutations

You are immune to sickness and miasma.
You are immune to poison.
Your flesh is very heat resistant. (rF++)
You are vulnerable to cold. (rC-)
You float through the air rather than walking.
You learn spells naturally, not from books.
Your magical power is your life essence.
You have superior vitality. (+4 MHP)


Message History

Duvessa is heavily wounded.
Duvessa barely misses you. Duvessa hits you with a +0 rapier.
You barely miss Duvessa.
Duvessa is heavily wounded.
Duvessa hits you with a +0 rapier. x2
You barely miss Duvessa.
Duvessa is heavily wounded.
Duvessa hits you with a +0 rapier!
* * * LOW HITPOINT WARNING * * *
The jelly jiggles.
Duvessa hits you with a +0 rapier.
* * * LOW HITPOINT WARNING * * *
It was a potion of berserk rage.
A red film seems to cover your vision as you go berserk!
You feel yourself moving faster!
You feel mighty! Duvessa hits you with a +0 rapier!
Elyvilon protects you from harm!
Unknown command.
You barely miss Duvessa.
Duvessa is heavily wounded.
Duvessa hits you with a +0 rapier!
* * * LOW HITPOINT WARNING * * *
You hit Duvessa.
Duvessa is heavily wounded.
Duvessa hits you but does no damage.
You hit Duvessa.
Duvessa is severely wounded.
Duvessa closely misses you.
The jelly jiggles.
You hit Duvessa but do no damage.
Duvessa is severely wounded.
Duvessa hits you with a +0 rapier. Elyvilon protects you from harm!
You slash Duvessa!
Duvessa is almost dead.
Duvessa barely misses you.
You barely miss Duvessa.
Duvessa is almost dead.
Duvessa hits you with a +0 rapier!
You die...

#......# . #......#
.. ......# ...
.....# .... ....
.$... ..#
...☼.o######.####.#
....e○○Je@.°°..○..#
..○.○#######..#####
... ##.### .
#...##### ###.....#
#####.## #..# ##.#
#.#


You could see Duvessa (fast), Dowan, a jelly and an orc (fast).

Vanquished Creatures
  Grinder (D:4)
  2 orc wizards (D:3)
  An adder (D:4)
  2 orcs (D:3)
  4 ball pythons
  2 endoplasms
  2 giant cockroaches
  4 goblins
  6 hobgoblins
  A kobold (D:3)
  3 quokkas
  14 frilled lizards
  4 rats
46 creatures vanquished.

Vanquished Creatures (others)
  An orc wizard (D:3)
1 creature vanquished.

Grand Total: 47 creatures vanquished

Notes
Turn   | Place    | Note
-------+----------+-------------------------------------------
     0 | D:1      | Dordric the Djinni Gladiator began the quest for the Orb.
     0 | D:1      | Reached XP level 1. HP: 18/18 MP: 0/0
    45 | D:1      | Found a faded altar of an unknown god.
    54 | D:1      | Prayed at the altar of an unknown god.
    54 | D:1      | Became a worshipper of Elyvilon the Healer
    54 | D:1      | Reached * piety under Elyvilon
   173 | D:1      | Reached skill level 3 in Long Blades
   280 | D:1      | Reached XP level 2. HP: 23/23 MP: 0/0
   371 | D:1      | Reached ** piety under Elyvilon
  1165 | D:2      | Reached XP level 3. HP: 28/28 MP: 0/0
  1165 | D:2      | Learned a level 1 spell: Shock
  1241 | D:3      | Found a basalt altar of Yredelemnul.
  1603 | D:3      | Reached skill level 4 in Long Blades
  1684 | D:3      | Found a broken altar of Ashenzari.
  1809 | D:3      | Reached XP level 4. HP: 32/33 MP: 0/0
  1829 | D:3      | Reached skill level 5 in Long Blades
  1829 | D:3      | Reached XP level 5. HP: 16/38 MP: 0/0
  1829 | D:3      | Learned a level 2 spell: Wereblood
  1831 | D:3      | Reached *** piety under Elyvilon
  2109 | D:4      | Noticed Grinder
  2119 | D:4      | Killed Grinder
  2120 | D:4      | Reached skill level 1 in Spellcasting
  2120 | D:4      | Reached XP level 6. HP: 19/43 MP: 0/0
  2274 | D:4      | Noticed Dowan
  2274 | D:4      | Noticed Duvessa
  2292 | D:4      | Elyvilon protects you from harm!
  2293 | D:4      | HP: 2/64 [Duvessa/+0 rapier (8)]
  2296 | D:4      | Elyvilon protects you from harm!
  2298 | D:4      | Slain by Duvessa

Illustrated notes

Levels and vault maps discovered:
D:1:      lightli_arrival_lavapool, layout_basic,
          hellmonk_ecumenical_altar_crossroads, dk_noncrumbling_4
D:2:      layout_rooms
D:3:      layout_loops_ring, cheibrodos_ashenzari_chains,
          mainiacjoe_overflow_brackets, minmay_hedge_maze,
          dreamdust_princess_corridor, minmay_lizard_king
D:4:      layout_basic, uniq_blork_the_orc, uniq_duvessa, uniq_grinder

Skill      XL: |  1  2  3  4  5  6 |
---------------+-------------------+-----
Long Blades    | 3 4 5 |  5.7
Spellcasting   | 1 2 |  2.0
Fighting       | |  2.0
Throwing       | |  1.5
Dodging        | |  3.2

Action                     |  1- 3 |  4- 6 || total
---------------------------+-------+-------++-------
  Melee: Long sword        |   122 |    55 ||   177
         Punch             |     2 |       ||     2
    Use: Scroll            |       |     2 ||     2
         Potion            |       |     1 ||     1
 Armour: Leather armour    |    17 |       ||    17
         Ring mail         |    41 |    19 ||    60
  Dodge: Dodged            |    72 |    18 ||    90
